 Dungeon Crawl Stone Soup version 0.27-a0-242-ge0fc76b88b (webtiles) character file.

Game seed: 14264641780017135277

798 HoaS the Twirler (level 8, -2/58 HPs)
             Began as a Formicid Fighter on Feb 2, 2021.
             Slain by an orc
             ... wielding a +0 trident
              (5 damage)
             ... on level 5 of the Dungeon.
             The game lasted 00:05:58 (3360 turns).

HoaS the Twirler (Formicid Fighter)                 Turns: 3360, Time: 00:05:59

Health: -2/58      AC:  8    Str: 21    XL:     8   Next: 13%
Magic:  8/8        EV:  9    Int:  9    God:
Gold:   310        SH:  0    Dex: 11    Spells: 7/7 levels left

rFire    . . .     SeeInvis +   a - +1 quarterstaff
rCold    . . .     Faith    .   c - +0 kite shield
rNeg     . . .     Spirit   .   b - +0 scale mail
rPois    .         Reflect  .   (helmet unavailable)
rElec    .         Harm     .   (no cloak)
rCorr    .         Rampage  .   p - +0 pair of gloves
Will     .....                  (no boots)
Stlth    ..........             (no amulet)
HPRegen  0.19/turn              (no ring)
MPRegen  0.11/turn              (no ring)

@: confused
A: permanent stasis, dig shafts and tunnels, four strong arms, antennae 3
a: Dig, Shaft Self


You were on level 5 of the Dungeon.
You visited 1 branch of the dungeon, and saw 5 of its levels.

You collected 310 gold pieces.

Inventory:

Hand Weapons
 a - a +1 quarterstaff (weapon)
Missiles
 i - 14 bolts
Armour
 b - a +0 scale mail (worn)
 c - a +0 kite shield (worn)
 p - a +0 pair of gloves (worn)
Wands
 o - a wand of charming (2)
Scrolls
 f - 2 scrolls of identify
 k - 2 scrolls of remove curse
 q - a scroll of fear
Potions
 e - 2 potions of heal wounds
 g - a potion of mutation
 h - 2 potions of attraction
 j - a potion of resistance
 l - 3 potions of curing
 m - a potion of lignification {unknown}
 n - a potion of berserk rage {unknown}
 r - a potion of degeneration {unknown}


   Skills:
 - Level 3.2 Fighting
 * Level 7.2 Staves
 - Level 3.2 Armour
 + Level 6.9 Shields


You had 7 spell levels left.
You didn't know any spells.
Your spell library contained the following spells:

 Spells                   Type           Power        Failure   Level
 Shock                    Conj/Air       0%           86%         1
 Static Discharge         Conj/Air       0%           99%         3
 Airstrike                Air            0%           100%        4
 Lightning Bolt           Conj/Air       0%           100%        5
 Swiftness                Air            Unusable     N/A         2

Dungeon Overview and Level Annotations

Branches:
Dungeon (5/15)
 Temple: D:4-7

Altars:
Fedhas
Gozag
Kikubaaqudgha
Uskayaw
Vehumet
Xom

Annotations:
D:4 Grinder


Innate Abilities, Weirdness & Mutations

You cannot be hasted, slowed, berserked, paralysed or teleported.
You can dig through walls and to a lower floor.
Your four strong arms can wield two-handed weapons with a shield.
You have a pair of large antennae on your head. (SInv)


Message History

The orc wizard casts a spell at you. The puff of flame hits you.
* * * LOW HITPOINT WARNING * * *
The orc wizard hits you but does no damage.
The orc completely misses you.
You miss the orc wizard.
The orc wizard is severely wounded.
The orc wizard points at you and mumbles some strange words.
You are confused.
The orc hits you from afar with a +0 trident.
* * * LOW HITPOINT WARNING * * *
You hit the orc wizard but do no damage.
The orc wizard is severely wounded.
The orc wizard hits you but does no damage.
The orc barely misses you.
You miss the orc wizard.
The orc wizard is severely wounded.
The orc wizard hits you but does no damage.
The orc hits you from afar with a +0 trident.
You die...

........... #..........
#.......... #...$.....
#......... #†#.###.#.
##.#.#... ######.....<#
##@oo)<)...###
#..####....## #.
........## #.<...#....
........# #..........
........# ###.###....
..[...................#
........##.............
........##.............
.......###............>


You could see an orc wizard (invisible) and an orc.

Vanquished Creatures
  Menkaure (D:5)
  An ice beast (D:3)
  3 ogres
  A phantom (D:5)
  A hound (D:5)
  A bullfrog skeleton (D:5)
  A centaur skeleton (D:4)
  An orc wizard (D:5)
  3 gnolls (D:2)
  6 adders
  An ufetubus (D:5)
  2 oozes
  An adder skeleton (D:4)
  6 worms
  7 dart slugs
  A leopard gecko (D:5)
  4 orcs (D:3)
  2 giant cockroaches (D:3)
  8 goblins
  7 hobgoblins
  7 kobolds
  A quokka (D:4)
  8 bats
  3 frilled lizards
  A leopard gecko skeleton (D:4)
  10 rats
88 creatures vanquished.

Notes
Turn   | Place    | Note
-------+----------+-------------------------------------------
     0 | D:1      | HoaS the Formicid Fighter began the quest for the Orb.
     0 | D:1      | Reached XP level 1. HP: 18/18 MP: 1/1
   114 | D:1      | Reached XP level 2. HP: 20/24 MP: 2/2
   681 | D:2      | Reached XP level 3. HP: 29/29 MP: 3/3
   702 | D:2      | Reached skill level 3 in Staves
   735 | D:2      | Found a radiant altar of Vehumet.
   839 | D:2      | Found a hide-covered altar of Uskayaw.
   842 | D:2      | Found an opulent altar of Gozag.
   842 | D:2      | Found an ancient bone altar of Kikubaaqudgha.
   844 | D:2      | Found a blossoming altar of Fedhas.
   845 | D:2      | Found a shimmering altar of Xom.
   977 | D:2      | Reached XP level 4. HP: 31/35 MP: 4/4
  1267 | D:3      | Reached skill level 4 in Staves
  1313 | D:3      | Reached XP level 5. HP: 37/41 MP: 5/5
  1425 | D:3      | Noticed an ice beast
  1444 | D:3      | Killed an ice beast
  1445 | D:3      | Reached skill level 5 in Staves
  1445 | D:3      | Reached skill level 5 in Shields
  1445 | D:3      | Reached XP level 6. HP: 27/47 MP: 6/6
  2518 | D:4      | Noticed an ogre
  2527 | D:4      | Killed an ogre
  2528 | D:4      | Reached XP level 7. HP: 42/52 MP: 7/7
  2625 | D:4      | Reached skill level 6 in Staves
  2890 | D:4      | Noticed Grinder
  2939 | D:5      | Entered Level 5 of the Dungeon
  3240 | D:5      | Noticed Menkaure
  3265 | D:5      | Killed Menkaure
  3266 | D:5      | Reached skill level 7 in Staves
  3266 | D:5      | Reached XP level 8. HP: 16/58 MP: 8/8
  3358 | D:5      | HP: 2/58 [orc/+0 trident (3)]
  3360 | D:5      | Slain by an orc

Illustrated notes

Levels and vault maps discovered:
D:1:      dpeg_arrival_more_subterranean_lakeside_camping, layout_basic
D:2:      layout_rooms, vehumet_crystals, grunt_temple_overflow_open
D:3:      cheibrodos_helix_gallery, layout_basic, grunt_decor_arrowhead
D:4:      layout_cave_pools, small_statue_intersection, led_sif_book,
          uniq_grinder
D:5:      layout_rooms, kennysheep_mini, minmay_temple_entry_large_hall,
          uniq_menkaure

Skill      XL: |  1  2  3  4  5  6  7 |
---------------+----------------------+-----
Shields        | 4 5 6 |  6.9
Staves         | 3 4 5 7 |  7.2
Fighting       | |  3.2
Armour         | |  3.2

Action                   |  1- 3 |  4- 6 |  7- 9 || total
-------------------------+-------+-------+-------++-------
Melee: Quarterstaff      |    85 |   131 |    61 ||   277
Evoke: Wand              |       |       |     1 ||     1
  Use: Scroll            |     6 |     4 |     2 ||    12
       Potion            |       |     2 |     3 ||     5
Armor: Scale mail        |    28 |    26 |    17 ||    71
Dodge: Dodged            |    18 |    32 |    30 ||    80
Block: Kite shield       |    41 |    57 |    34 ||   132

Table legend: (Time is in decaauts)
 A = Elapsed time spent in this place.
 B = Non-inter-level travel time spent in this place.
 C = Inter-level travel time spent in this place.
 D = Time resting spent in this place.
 E = Time spent auto-exploring this place.
 F = Levels seen in this place.
 G = Mean time per level.
                   A        B        C        D        E       F      G
               +--------+--------+--------+--------+--------+-----+--------+
         Total |   3421 |   3273 |    148 |    945 |   1651 |   5 |  684.2 |
       Dungeon |   3421 |   3273 |    148 |    945 |   1651 |   5 |  684.2 |
               +--------+--------+--------+--------+--------+-----+--------+

Top non-repeatable levels by time:
     D:3: 1298 daAuts
     D:2: 653 daAuts
     D:1: 643 daAuts
     D:5: 423 daAuts
     D:4: 402 daAuts
